Map: Ruins of Seras

Players

Soundwave - Winner!

  • Race: Zerg Zerg

A.I. 1 (Very Hard)

  • Race: Protoss Protoss

VOD

Have the link to the VOD?

Description

Time

  • Played on: Nov. 16, 2015, 2:29 p.m.
  • Length: 24:54
Show
View Real Time Build Order
Export as new Build Order

Soundwave Zerg - Winner!

Build Orders: Hatch First 

Get SALT Encoding   

  12  0:03  Drone  
  13  0:09  Drone  
  14  0:17  Overlord  
  14  0:35  Drone  
  14  0:36  Drone  
  14  0:39  Drone  
  17  0:58  Hatchery  
  16  1:11  Drone x2, Extractor  
  18  1:12  Drone  
  18  1:22  Spawning Pool  
  17  1:29  Drone  
  18  1:42  Drone  
  19  1:50  Drone  
  20  2:12  Drone x3  
  20  2:14  Queen  
  25  2:16  Queen  
  25  2:18  Overlord  
  27  2:43  Drone  
  27  2:44  Drone x2  
  30  2:49  Drone  
  30  2:50  Drone  
  32  2:52  Hatchery  
  31  3:05  Queen  
  33  3:08  Drone x3  
  33  3:10  Overlord  
  36  3:15  Extractor  
  36  3:17  Drone  
  36  3:32  Drone x2  
  38  3:37  Lair  
  38  3:38  Metabolic Boost  
  38  3:48  Roach Warren  
  37  3:54  Zergling x2  
  37  3:55  Zergling x8  
  42  4:13  Queen  
  42  4:15  Drone x4  
  42  4:16  Drone x2  
  50  4:18  Overlord x3  
  50  5:04  Evolution Chamber  
  50  5:06  Evolution Chamber  
  48  5:08  Hydralisk Den  
  48  5:09  Spore Crawler  
  48  5:12  Spore Crawler  
  45  5:16  Spore Crawler  
  44  5:30  Zerg Melee Weapons Level 1  
  44  5:32  Zerg Ground Armor Level 1  
  44  5:33  Zergling x12  
  44  5:34  Zergling x14  
  44  5:35  Zergling x2  
  58  5:45  Glial Reconstitution  
  58  5:48  Muscular Augments  
  58  5:49  Hydralisk x4  
  62  5:52  Overlord x2  
  66  6:01  Drone x6  
  72  6:15  Infestation Pit  
  72  6:18  Drone x4  
  73  6:19  Drone x2  
  73  6:23  Spine Crawler  
  74  7:00  Hive  
  74  7:01  Lurker Den  
  74  7:03  Zergling x2  
  74  7:07  Zergling x10  
  74  7:08  Zergling x10  
  85  7:23  Extractor  
  85  7:24  Extractor  
  83  7:33  Queen  
  85  7:39  Drone  
  85  7:40  Drone x2  
  85  7:41  Drone  
  85  7:42  Overlord x2  
  85  7:43  Overlord x2  
  89  8:00  Hydralisk x4  
  89  8:01  Hydralisk x3  
  103  8:30  Hatchery  
  102  8:36  Lurker x3  
  102  8:39  Zergling x8  
  102  8:40  Zergling x12  
  115  9:08  Zerg Melee Weapons Level 2  
  115  9:11  Ultralisk Cavern, Zergling x2  
  115  9:12  Zergling x12  
  115  9:14  Overlord  
  115  9:15  Overlord x4  
  121  9:17  Overseer  
  121  9:19  Overseer  
  121  9:47  Extractor  
  121  9:49  Drone x7, Extractor  
  121  9:52  Drone x3  
  129  9:53  Drone  
  129  9:54  Drone x2  
  129  9:55  Hydralisk x2  
  136  10:20  Ultralisk  
  136  10:21  Ultralisk x2  
  154  10:29  Adrenal Glands  
  154  10:46  Hatchery  
  154  10:47  Extractor  
  154  10:49  Extractor  
  151  10:58  Drone x6  
  151  10:59  Drone  
  154  11:10  Ultralisk x3  
  110  11:20  Zergling x10  
  110  11:21  Zergling x14  
  110  11:22  Zergling x2  
  93  11:40  Viper x2, Hydralisk x3, Zergling x4  
  99  11:53  Ultralisk  
  99  11:54  Zergling x6  
  99  11:55  Zergling x4  
  101  12:10  Ultralisk, Zergling x2  
  101  12:11  Zergling x8  
  106  12:19  Overseer  
  106  12:25  Drone x4  
  106  12:26  Drone x3  
  113  12:40  Queen  
  113  12:41  Drone x2  
  113  12:42  Drone x3  
  120  12:48  Drone x3  
  120  12:50  Drone x3  
  126  12:55  Queen  
  128  13:26  Ultralisk x3  
  146  13:29  Overlord x2  
  146  13:30  Overlord x7  
  146  13:48  Infestor x4  
  146  13:49  Infestor  
  156  14:07  Hatchery  
  155  14:20  Hydralisk  
  155  14:21  Viper  
  155  14:22  Ultralisk x2  
  155  14:23  Ultralisk  
  178  14:36  Ultralisk  
  178  14:37  Ultralisk  
  190  14:43  Extractor  
  190  14:44  Extractor  
  152  15:44  Ultralisk x3  
  152  15:45  Ultralisk x4  
  152  15:49  Zergling x14  
  188  15:50  Zergling x14  
  188  15:51  Zergling x12  
  200  16:18  Chitinous Plating  
  200  16:21  Zerg Ground Armor Level 2, Zerg Melee Weapons Level 3  
  200  16:41  Hatchery  
  195  17:09  Zergling x2  
  195  17:10  Zergling x10  
  195  17:11  Zergling x2  
  157  17:38  Ultralisk x4  
  157  17:39  Ultralisk x2, Zergling x2  
  157  17:40  Zergling x14  
  157  17:41  Zergling x12  
  187  17:58  Ultralisk x2, Zergling x2  
  194  18:26  Ultralisk x2  
  199  18:28  Zergling x4  
  196  18:54  Zergling x6  
  199  18:58  Zerg Missile Weapons Level 1  
  197  20:10  Zergling x2  
  197  20:11  Zergling x4  
  199  20:51  Zerg Ground Armor Level 3  
  199  20:53  Zerg Missile Weapons Level 2  
  199  20:56  Pathogen Glands  
  197  21:25  Hatchery  
  196  21:39  Zergling x2  
  198  21:40  Zergling x4  
  199  21:53  Neural Parasite  
  199  21:58  Hatchery  
  198  22:22  Zergling x2  
  195  23:08  Extractor  
  195  23:10  Extractor  
  193  23:27  Queen  
  193  23:29  Queen  
  190  23:55  Queen  
  192  24:34  Zergling x10  
  192  24:35  Zergling x4  
  199  24:44  Extractor  
  200  24:46  Extractor  
Show
View Real Time Build Order
Export as new Build Order

A.I. 1 (Very Hard) Protoss 

Build Orders: Zealot Archon, Colossus Rush 

Get SALT Encoding   

  12  0:01  Probe (Chrono Boost)  
  13  0:11  Probe (Chrono Boost)  
  14  0:20  Pylon  
  14  0:22  Probe (Chrono Boost)  
  15  0:38  Probe (Chrono Boost)  
  16  0:48  Assimilator  
  16  0:49  Probe (Chrono Boost)  
  17  0:50  Gateway  
  17  0:59  Probe (Chrono Boost)  
  17  1:02  Pylon  
  18  1:10  Probe (Chrono Boost)  
  19  1:20  Probe (Chrono Boost)  
  20  1:31  Probe (Chrono Boost)  
  21  1:38  Cybernetics Core, Zealot  
  21  1:42  Probe (Chrono Boost)  
  24  1:54  Probe (Chrono Boost)  
  25  2:02  Nexus  
  25  2:05  Probe (Chrono Boost)  
  26  2:08  Warp Gate  
  26  2:17  Stalker, Probe (Chrono Boost)  
  29  2:29  Probe (Chrono Boost)  
  30  2:32  Pylon  
  30  2:41  Probe (Chrono Boost)  
  31  2:45  Gateway  
  31  2:46  Assimilator  
  31  2:53  Probe (Chrono Boost)  
  31  2:54  Adept  
  34  3:04  Probe (Chrono Boost), Pylon  
  35  3:15  Probe x2 (Chrono Boost)  
  37  3:20  Adept  
  37  3:26  Probe (Chrono Boost)  
  40  3:31  Robotics Facility  
  40  3:32  Adept  
  42  3:38  Probe (Chrono Boost)  
  42  3:40  Probe (Chrono Boost)  
  44  3:45  Adept  
  46  3:50  Probe (Chrono Boost)  
  46  3:51  Probe (Chrono Boost)  
  48  3:59  Adept  
  48  4:01  Probe (Chrono Boost)  
  52  4:03  Probe (Chrono Boost)  
  52  4:13  Probe (Chrono Boost)  
  52  4:14  Probe (Chrono Boost)  
  54  4:19  Adept  
  57  4:24  Probe (Chrono Boost), Observer, Pylon  
  57  4:25  Probe (Chrono Boost)  
  57  4:26  Robotics Bay  
  59  4:34  Robotics Facility  
  59  4:35  Probe (Chrono Boost)  
  60  4:40  Pylon  
  60  4:41  Stalker  
  62  4:48  Stalker  
  62  4:50  Pylon  
  62  4:51  Probe (Chrono Boost)  
  66  4:53  Probe (Chrono Boost)  
  66  5:13  Gateway  
  66  5:21  Colossus, Zealot  
  68  5:22  Pylon  
  68  5:25  Zealot  
  76  5:37  Pylon  
  76  5:39  Zealot  
  78  5:43  Zealot  
  78  5:46  Probe x2 (Chrono Boost), Assimilator  
  82  5:50  Twilight Council  
  82  5:51  Assimilator  
  83  5:58  Stalker, Probe (Chrono Boost)  
  83  6:02  Zealot  
  87  6:04  Pylon  
  87  6:07  Zealot  
  87  6:09  Probe x2 (Chrono Boost)  
  91  6:20  Zealot  
  91  6:21  Probe x2 (Chrono Boost)  
  91  6:24  Pylon  
  95  6:26  Zealot  
  95  6:27  Zealot  
  95  6:28  Templar Archives  
  99  6:33  Gateway  
  99  6:36  Nexus  
  99  6:59  Sentry  
  101  7:01  Pylon  
  101  7:04  Stalker  
  101  7:07  High Templar  
  105  7:14  Forge  
  105  7:20  Sentry, Forge  
  107  7:25  Gateway, High Templar  
  107  7:27  Stalker  
  111  7:33  Pylon  
  111  7:37  Stalker  
  111  7:41  Stalker  
  111  7:43  Archon  
  115  7:49  Probe (Chrono Boost), High Templar  
  115  7:50  Probe x2 (Chrono Boost)  
  120  7:53  Photon Cannon  
  120  7:56  High Templar  
  122  8:00  Assimilator  
  122  8:01  Probe (Chrono Boost), Pylon  
  122  8:02  Probe x2 (Chrono Boost), Assimilator  
  122  8:05  Photon Cannon  
  125  8:10  High Templar  
  125  8:11  Pylon  
  125  8:12  Probe (Chrono Boost), Zealot, Archon  
  131  8:13  Probe (Chrono Boost)  
  131  8:15  Probe (Chrono Boost)  
  131  8:18  Zealot  
  134  8:23  Probe (Chrono Boost), Photon Cannon  
  134  8:24  High Templar  
  134  8:25  Probe (Chrono Boost), Pylon  
  134  8:27  Probe (Chrono Boost)  
  140  8:34  Photon Cannon  
  140  8:35  Probe (Chrono Boost)  
  140  8:36  Probe (Chrono Boost), High Templar  
  140  8:38  Probe (Chrono Boost)  
  144  8:45  High Templar, Archon  
  144  8:46  Probe (Chrono Boost)  
  144  8:48  Probe (Chrono Boost), Photon Cannon  
  148  8:50  Photon Cannon  
  148  8:53  Photon Cannon  
  148  8:55  High Templar  
  150  9:04  High Templar, Archon  
  152  9:10  Photon Cannon  
  152  9:14  High Templar  
  152  9:15  Photon Cannon  
  154  9:19  Pylon  
  154  9:20  Archon  
  154  9:23  High Templar  
  156  9:27  Zealot  
  156  9:28  Zealot  
  156  9:30  Archon  
  160  9:31  Warp Prism x2  
  160  9:33  Zealot  
  166  9:40  Pylon  
  166  9:43  High Templar  
  168  9:46  High Templar  
  168  9:47  Zealot  
  168  9:51  Archon  
  168  9:52  High Templar  
  174  9:56  Photon Cannon  
  174  10:01  High Templar  
  174  10:02  Pylon  
  174  10:06  Observer  
  176  10:07  Archon  
  176  10:08  Observer  
  176  10:12  Gateway, Nexus  
  178  10:20  High Templar  
  180  10:24  Pylon  
  180  10:28  High Templar  
  182  10:37  High Templar  
  184  10:47  High Templar  
  186  10:53  Psionic Storm  
  186  10:59  Zealot, Archon  
  186  11:00  Zealot x2  
  192  11:06  Zealot  
  192  11:08  High Templar  
  192  11:11  Immortal  
  172  11:17  Zealot  
  142  11:18  Gateway  
  142  11:20  Zealot x2  
  142  11:21  Zealot  
  126  11:26  Adept  
  126  11:27  Probe (Chrono Boost)  
  119  11:36  Stalker  
  119  11:38  Adept, Zealot  
  123  11:40  Stalker, Assimilator  
  123  11:41  Zealot  
  123  11:43  Pylon  
  123  11:44  Sentry, Assimilator  
  127  11:47  Nexus  
  125  11:57  Sentry, Zealot  
  125  11:58  Stalker  
  125  11:59  Immortal, Zealot  
  137  12:01  Adept  
  137  12:03  Immortal  
  137  12:04  Photon Cannon  
  137  12:06  Zealot  
  127  12:08  Pylon  
  127  12:13  Zealot  
  111  12:16  Stalker  
  111  12:18  Zealot  
  111  12:19  Sentry, Adept  
  111  12:20  Zealot  
  112  12:24  Protoss Ground Weapons Level 1  
  112  12:25  Stalker  
  112  12:29  Photon Cannon  
  114  12:32  Adept, Photon Cannon  
  114  12:35  Forge  
  116  12:37  Stalker, High Templar  
  116  12:38  Sentry  
  116  12:39  Zealot  
  116  12:40  High Templar  
  126  12:45  Archon  
  126  12:47  Zealot  
  126  12:51  Stalker  
  130  12:58  Stalker, High Templar  
  132  12:59  Stalker  
  132  13:02  Colossus  
  136  13:06  Zealot  
  136  13:07  Stalker  
  136  13:09  Assimilator  
  136  13:10  Protoss Ground Armor Level 1  
  136  13:11  High Templar  
  136  13:12  Colossus  
  148  13:13  Pylon  
  148  13:15  Assimilator  
  148  13:19  Adept  
  156  13:28  Archon  
  156  13:36  Photon Cannon  
  156  13:40  Pylon  
  156  13:42  Stalker  
  156  13:44  Stalker  
  156  13:45  Adept  
  156  13:47  Charge  
  162  13:49  Colossus  
  162  14:01  Disruptor, Photon Cannon  
  162  14:02  Nexus  
  168  14:05  Photon Cannon  
  168  14:07  Photon Cannon  
  171  14:29  Robotics Facility  
  171  14:32  Disruptor  
  171  14:37  Photon Cannon  
  174  14:38  Colossus  
  174  14:39  Colossus, Photon Cannon  
  174  14:41  Colossus, Observer  
  175  14:56  Colossus  
  175  14:58  Stalker  
  175  14:59  Stalker  
  179  15:01  Stalker  
  179  15:03  Stalker  
  179  15:04  Disruptor  
  179  15:05  Stalker  
  191  15:11  Extended Thermal Lance  
  191  15:14  Disruptor  
  194  15:15  Blink  
  194  15:20  Stalker  
  199  15:25  Nexus, Assimilator  
  199  15:30  Pylon  
  197  15:36  Immortal  
  197  15:38  Zealot  
  197  15:39  Sentry, Adept  
  159  15:43  Sentry  
  159  15:45  Zealot  
  159  15:47  Immortal, Adept  
  159  15:48  Immortal  
  124  15:51  Stalker  
  123  15:57  Stalker  
  123  15:58  Zealot  
  123  15:59  Pylon  
  123  16:00  Stalker  
  123  16:03  Stalker  
  131  16:05  Stalker  
  133  16:11  Immortal  
  137  16:21  Immortal  
  137  16:23  Immortal  
  145  16:39  Sentry  
  147  16:43  Zealot  
  147  16:45  Adept  
  147  16:46  Immortal  
  151  16:48  Adept  
  157  16:55  Colossus  
  157  16:58  Stalker, Immortal  
  157  16:59  Pylon  
  165  17:03  Zealot x3  
  165  17:06  Zealot  
  177  17:08  Zealot  
  179  17:20  Probe x2 (Chrono Boost)  
  179  17:21  Probe x2 (Chrono Boost), Immortal  
  174  17:23  Probe (Chrono Boost)  
  174  17:26  Probe (Chrono Boost)  
  174  17:30  Probe (Chrono Boost)  
  174  17:31  Probe (Chrono Boost)  
  174  17:36  Observer  
  139  17:41  Stalker  
  139  17:44  Adept  
  102  17:47  Zealot  
  102  17:50  Stalker  
  94  17:53  Stalker  
  94  17:58  Probe x3 (Chrono Boost)  
  89  18:01  Zealot  
  89  18:02  Adept  
  91  18:05  Sentry  
  91  18:07  Nexus  
  91  18:09  Probe (Chrono Boost)  
  91  18:10  Probe (Chrono Boost)  
  91  18:11  Stalker  
  95  18:12  Probe (Chrono Boost)  
  95  18:13  Probe (Chrono Boost)  
  95  18:16  Probe (Chrono Boost)  
  95  18:19  Zealot  
  90  18:20  Probe (Chrono Boost)  
  90  18:21  Stalker, Probe (Chrono Boost)  
  90  18:25  Stalker  
  92  18:27  Probe (Chrono Boost)  
  92  18:28  Probe (Chrono Boost)  
  92  18:29  Zealot  
  92  18:32  Adept  
  77  18:37  Stalker  
  78  18:42  Zealot  
  78  18:46  Zealot  
  78  18:47  Probe (Chrono Boost)  
  78  18:48  Adept  
  64  18:49  Probe (Chrono Boost)  
  64  18:50  Stalker  
  64  18:58  Zealot  
  64  19:01  Sentry  
  68  19:06  Stalker  
  68  19:09  Pylon  
  68  19:12  Nexus  
  68  19:17  Stalker x2, Zealot  
  72  19:26  Adept  
  72  19:30  Probe (Chrono Boost)  
  76  19:31  Probe (Chrono Boost)  
  76  19:32  Probe (Chrono Boost)  
  76  19:34  Stalker, Probe (Chrono Boost)  
  80  19:40  Stalker  
  80  19:41  Probe (Chrono Boost)  
  80  19:42  Probe (Chrono Boost)  
  80  19:44  Probe (Chrono Boost)  
  86  19:46  Probe (Chrono Boost)  
  86  19:48  Stalker  
  86  19:52  Stalker, Probe (Chrono Boost)  
  89  19:53  Probe (Chrono Boost)  
  89  19:55  Sentry, Probe (Chrono Boost)  
  89  19:57  Probe (Chrono Boost)  
  89  19:59  Nexus  
  95  20:00  Zealot  
  95  20:03  Zealot  
  95  20:04  Probe (Chrono Boost)  
  95  20:05  Probe (Chrono Boost)  
  101  20:07  Probe (Chrono Boost)  
  101  20:09  Probe (Chrono Boost)  
  101  20:10  Zealot  
  104  20:14  Zealot  
  104  20:15  Probe (Chrono Boost)  
  104  20:16  Probe (Chrono Boost)  
  104  20:17  Zealot  
  104  20:18  Probe (Chrono Boost)  
  110  20:25  Probe (Chrono Boost)  
  110  20:46  Gateway, Probe (Chrono Boost)  
  110  20:48  Probe (Chrono Boost), Gateway  
  110  20:49  Probe (Chrono Boost)  
  106  20:51  Pylon  
  101  20:57  Pylon  
  101  21:02  Probe x3 (Chrono Boost)  
  66  21:13  Probe (Chrono Boost)  
  66  21:14  Probe x2 (Chrono Boost)  
  66  21:15  Probe (Chrono Boost), Immortal  
  70  21:19  Nexus  
  70  21:24  Probe (Chrono Boost)  
  75  21:26  Probe (Chrono Boost)  
  75  21:27  Probe (Chrono Boost)  
  75  21:28  Probe (Chrono Boost)  
  77  21:35  Probe (Chrono Boost)  
  77  21:36  Cybernetics Core  
  77  21:38  Probe (Chrono Boost)  
  79  21:40  Zealot  
  79  21:42  Gateway  
  79  21:43  Zealot  
  79  21:46  Probe x2 (Chrono Boost)  
  82  21:50  Probe (Chrono Boost), Immortal  
  82  21:52  Pylon  
  84  21:57  Probe (Chrono Boost)  
  84  21:58  Probe (Chrono Boost)  
  84  21:59  Zealot  
  88  22:01  Zealot  
  90  22:10  Probe (Chrono Boost)  
  90  22:13  Nexus  
  90  22:15  Twilight Council  
  90  22:17  Probe (Chrono Boost), Pylon  
  90  22:18  Zealot  
  90  22:20  Zealot  
  95  22:35  Zealot  
  95  22:36  Zealot  
  103  22:38  Stalker  
  103  22:42  Pylon  
  105  22:53  Stalker  
  105  22:54  Adept  
  105  22:58  Stalker  
  110  22:59  Probe (Chrono Boost)  
  110  23:00  Probe (Chrono Boost)  
  110  23:01  Probe x2 (Chrono Boost)  
  104  23:10  Probe (Chrono Boost)  
  104  23:11  Templar Archives  
  104  23:12  Probe (Chrono Boost)  
  88  23:13  Sentry, Stalker  
  88  23:17  Forge  
  88  23:19  Zealot  
  90  23:22  Probe (Chrono Boost)  
  90  23:24  Probe (Chrono Boost)  
  92  23:33  Probe (Chrono Boost)  
  92  23:34  Zealot  
  74  23:35  Zealot  
  74  23:38  Adept  
  74  23:39  Probe (Chrono Boost)  
  42  23:54  High Templar  
  25  24:13  Nexus  
  25  24:27  Nexus  
  25  24:34  Nexus  
  23  24:43  Pylon  
  3  24:46  Nexus  
Tags
 
Composition
Zealot Archon
Matchup
PvZ
Replay Pack
First Pack
Add a new tag
Caveats
  • Supply blocks, unpowered buildings, or Contaminate may cause inaccurate times.
  • Supply counts are checked every 10 seconds.